[Event "WYCC 2018 O18"]
[Site "Halkidiki"]
[Date "2018.10.23"]
[Round "5"]
[White "Rengifo Blancas, Renzo Jhonathan"]
[Black "Szustakowski, Antoni"]
[Result "1-0"]
[ECO "E04"]
[WhiteElo "2123"]
[BlackElo "2319"]
[Annotator "NA"]
[PlyCount "109"]
[EventDate "2018.10.20"]
[EventType "swiss"]
[EventCountry "GRE"]
[SourceTitle "playchess.com"]
[Source "ChessBase"]
[SourceQuality "1"]
[TimeControl "40/5400+30:1800+30"]

1. d4 {[%emt 0:00:00] Platz,H} Nf6 2. c4 e6 3. Nf3 d5 4. g3 dxc4 5. Bg2 a6 6. Ne5 c5 7. Na3 cxd4 {[%emt 0:06:54] E04: Open Catalan: 5 Nf3} 8. Naxc4 Bc5 {[%emt 0:08:03] LiveBook: 38 Games} 9. O-O O-O 10. Bd2 (10. Bg5 h6 11. Bxf6 Qxf6 12. Qb3 Nd7 13. Nxd7 Bxd7 14. Qxb7 Bb5 15. Rac1 {½-½ (32) Postny,E (2585)-Mastrovasilis,D (2580) Rio Achaea 2018}) 10... Nbd7 11. Nd3 $146 ({Predecessor:} 11. Rc1 Qe7 12. Nd3 Ra7 13. Nxc5 Nxc5 14. Nb6 Nfd7 15. Bb4 Nxb6 16. Bxc5 Qd8 17. Qxd4 Qxd4 18. Bxd4 {1-0 (18) Platz,H-Zenker,L Binz 1952 EXT 2005 [Platz,H]}) 11... Be7 12. Ba5 Qe8 13. Rc1 Nd5 14. Nf4 b5 15. Nxd5 exd5 16. Nb6 Nxb6 17. Bxb6 Be6 18. Qxd4 Bf6 19. Qb4 Qb8 20. Bd4 Bxd4 21. Qxd4 Rd8 22. Rfd1 Ra7 23. Rc6 Qa8 24. Qb6 h6 25. e4 Rad7 26. exd5 Bxd5 27. Bxd5 Rxd5 28. Rxd5 Rxd5 29. Qxa6 Qxa6 30. Rxa6 Rd2 31. b4 f6 32. Ra5 Kf7 33. Rxb5 Rxa2 34. Rb7+ Kg6 35. h4 h5 36. Kg2 Ra3 37. b5 Rb3 38. Kf1 Rb2 39. Kg2 Rb3 40. b6 Kf5 41. Rb8 Kg4 {[%emt 0:06:01] [#]} 42. Rb7 $11 (42. Rg8 $1 $16 Rxb6 43. Rxg7+ Kf5 44. Rh7) 42... Kf5 43. Kf1 Rb2 44. Ke1 Kg6 45. Kd1 Rxf2 46. Rc7 Rb2 47. b7 f5 48. Kc1 Rb5 49. Kd2 Kf6 50. Kc3 Rb1 51. Kd4 g6 52. Kc5 Ke5 53. Re7+ Kf6 54. Rd7 Ke5 55. Rd5+ 1-0

[Event "WYCC 2018 O18"]
[Site "Halkidiki"]
[Date "2018.10.23"]
[Round "5"]
[White "Polyakov, Fedor"]
[Black "Varacalli, Francisco"]
[Result "1-0"]
[ECO "E67"]
[WhiteElo "2036"]
[BlackElo "2334"]
[Annotator "NA"]
[PlyCount "109"]
[EventDate "2018.10.20"]
[EventType "swiss"]
[EventCountry "GRE"]
[SourceTitle "playchess.com"]
[Source "ChessBase"]
[SourceQuality "1"]
[TimeControl "40/5400+30:1800+30"]

1. d4 Nf6 2. c4 g6 3. Nc3 Bg7 4. Nf3 d6 5. g3 O-O 6. Bg2 Nbd7 7. O-O e5 8. d5 a5 9. Bg5 {[%emt 0:00:43] E67: King's Indian: Fianchetto: 6...Nbd7} (9. e4 Nc5 10. Qc2 Nh5 11. Be3 f5 12. exf5 Bxf5 13. Qd2 b6 14. Ng5 Nf6 15. Bxc5 bxc5 16. Bh3 Bxh3 17. Nxh3 Qd7 18. Kg2 Qg4 19. f4 Nh5 20. Rae1 exf4 21. Nxf4 Bh6 22. Nce2 Rae8 23. Qxa5 Bxf4 24. Nxf4 Rxe1 {0-1 (24) Golubov,S (2481)-Gupta,A (2637) Abu Dhabi 2016}) 9... h6 10. Bxf6 Bxf6 11. Ne1 $146 ({Predecessor:} 11. Qc2 Nc5 12. a3 a4 13. e4 Bg4 14. Nd2 Bg5 15. f4 exf4 16. gxf4 Bf6 17. Rae1 Re8 {0-1 (37) Timm,C (1651)-Silz,E (2002) Berlin 2018}) 11... Bg7 12. Nd3 f5 13. e4 f4 14. g4 f3 ({Better is} 14... b6 $17) 15. Bxf3 Qh4 16. Bg2 h5 17. h3 Nb6 18. c5 dxc5 19. Nxc5 hxg4 20. hxg4 Bh6 21. Qd3 Bxg4 22. Ne2 $19 Bxe2 23. Qxe2 Bf4 24. Rfd1 Nc4 25. Rd3 Qh2+ 26. Kf1 Bg3 27. Rxg3 Qxg3 28. Kg1 Qh4 29. Rc1 Nd6 30. Rc3 Rf4 31. Ne6 Rf7 32. Rg3 Rh7 33. Rxg6+ Kh8 34. f4 Rg8 35. f5 Ne8 36. Qf3 Rh6 37. Rxg8+ Kxg8 38. Qc3 Qh2+ 39. Kf1 Rh7 40. Qxa5 Qh6 41. Qc3 Qf6 42. a4 Rh4 43. Qg3+ Kh8 44. Kg1 Nd6 45. Nf8 Rh5 46. Ng6+ Kh7 47. Qxe5 Qxe5 48. Nxe5 Kg7 49. Nd7 Rh4 50. f6+ Kg6 51. e5 Rh7 52. Nf8+ Kf5 53. Nxh7 Kxe5 54. Bf3 Kf5 55. Bh5 1-0

[Event "WYCC 2018 O18"]
[Site "Halkidiki"]
[Date "2018.10.24"]
[Round "6"]
[White "Gumularz, Szymon"]
[Black "Ahmadzada, Ahmad"]
[Result "1-0"]
[ECO "E81"]
[WhiteElo "2441"]
[BlackElo "2343"]
[Annotator "NA"]
[PlyCount "69"]
[EventDate "2018.10.20"]
[EventType "swiss"]
[EventCountry "GRE"]
[SourceTitle "playchess.com"]
[Source "ChessBase"]
[SourceQuality "1"]
[TimeControl "40/5400+30:1800+30"]

1. c4 Nf6 2. Nc3 g6 3. e4 d6 4. d4 Bg7 5. f3 O-O 6. Be3 c5 7. Nge2 cxd4 8. Nxd4 Nc6 9. Be2 Bd7 10. O-O Nxd4 11. Bxd4 Bc6 12. Qd2 a5 13. b3 Nd7 14. Be3 Nc5 15. Rac1 {[%emt 0:03:17] LiveBook: 223 Games} e6 {[%emt 0:01:04] B38: Sizilianisch (Maroczy-Aufbau)} 16. Rfd1 Be5 17. g3 (17. Rc2 Qe7 18. Nb5 Qh4 19. g3 Bxg3 20. hxg3 Qxg3+ 21. Kf1 Nxe4 22. Qd3 f5 23. Nd4 f4 24. Nxc6 fxe3 25. Qxe3 Rf4 26. Nd4 Rh4 27. Qg1 Rh1 {0-1 (27) Lupulescu,C (2618)-Iturrizaga Bonelli,E (2650) Baku 2016 CBM 175 [Iotov,V]}) 17... Qe7 18. Nb5 $146 ({Vorgänger:} 18. Bd4 Rfd8 19. Qe3 Bxd4 20. Rxd4 e5 21. Rd2 Ne6 22. Bf1 Nd4 {0-1 (49) Kyrkjebo,E (2083)-Martinsen,S (2201) Norway 2016}) 18... b6 19. Bg5 f6 20. Bh6 Rfc8 21. f4 Nxe4 {[%emt 0:00:09] [#]} 22. Qe3 $1 Bb2 23. Rb1 Bxb5 24. cxb5 Nc3 25. Rxb2 Nxd1 26. Bxd1 d5 27. Kg2 Rc5 28. Bg4 f5 29. Bf3 Rxb5 30. Rc2 Re8 31. Rc6 Rc5 32. Rxb6 Rc2+ 33. Kh3 Qf7 34. Qe5 $18 g5 35. fxg5 1-0

[Event "WYCC 2018 O18"]
[Site "Halkidiki"]
[Date "2018.10.24"]
[Round "6"]
[White "Fawzy, Adham"]
[Black "Risting, Eivind Olav"]
[Result "1/2-1/2"]
[ECO "B12"]
[WhiteElo "2439"]
[BlackElo "2299"]
[Annotator "ChessBase"]
[PlyCount "79"]
[EventDate "2018.10.20"]
[EventType "swiss"]
[EventCountry "GRE"]
[SourceTitle "playchess.com"]
[Source "ChessBase"]
[SourceQuality "1"]
[TimeControl "40/5400+30:1800+30"]

1. e4 c6 2. d4 d5 3. e5 Bf5 4. h4 h5 5. Bd3 Bxd3 6. Qxd3 e6 7. Bg5 Be7 8. Bxe7 Nxe7 9. Nf3 Qb6 10. Nbd2 c5 11. c4 Nbc6 12. cxd5 Nb4 13. Qb3 Nbxd5 14. dxc5 Qxc5 15. O-O O-O 16. Rac1 Qb6 17. Qc2 Rac8 18. Nc4 Qa6 19. Qe4 Nf5 20. a3 b5 21. Ncd2 Rxc1 22. Rxc1 Rc8 23. Rc2 Rc6 24. Kh2 Qc8 25. Rxc6 Qxc6 26. Nd4 Qc1 27. Nxf5 Qxd2 28. Qd4 Qf4+ 29. Qxf4 Nxf4 30. Ne7+ Kf8 31. Nc6 a6 32. b4 Nd3 33. Kg3 Ke8 34. f4 Kd7 35. Nd4 Nb2 36. Kf3 Nc4 37. Nc2 Kc6 38. Ke4 g6 39. Nd4+ Kb6 40. Nc2 1/2-1/2

[Event "WYCC 2018 O18"]
[Site "Halkidiki"]
[Date "2018.10.24"]
[Round "6"]
[White "Parvanyan, Ashot"]
[Black "Goncalves, Davi Sulzbacher"]
[Result "1-0"]
[ECO "A33"]
[WhiteElo "2428"]
[BlackElo "2177"]
[Annotator "RC"]
[PlyCount "107"]
[EventDate "2018.10.20"]
[EventType "swiss"]
[EventCountry "GRE"]
[SourceTitle "playchess.com"]
[Source "ChessBase"]
[SourceQuality "1"]
[TimeControl "40/5400+30:1800+30"]

1. Nf3 c5 2. c4 Nc6 3. d4 cxd4 4. Nxd4 Nf6 5. Nc3 e6 6. g3 Bc5 7. Nb3 Be7 8. Bg2 d6 9. O-O O-O 10. Nd4 Bd7 11. Ndb5 Qb8 12. Bf4 Ne5 13. b3 a6 14. Nd4 Rc8 15. Rc1 Ra7 16. a4 b6 17. Qd2 Ng6 18. Be3 Ng4 19. Bg5 Nf6 20. h3 h6 21. Be3 Rac7 22. f4 Nh5 23. g4 Nhxf4 24. Bxf4 e5 25. Nd5 exf4 26. Nxe7+ Nxe7 27. Qxf4 Be8 28. Qxd6 Rd8 29. Qf4 Ng6 30. Qf2 Rd6 31. Nf5 Rf6 32. Nxh6+ Kh7 33. Nf5 Re7 34. g5 Rxf5 35. Qxf5 Rxe2 36. Rf2 Re5 37. Qg4 Re3 38. Rf3 Qe5 39. Rcf1 Re4 40. Qg3 Qc5+ 41. Qf2 Qe7 42. Rxf7 Bxf7 43. Bxe4 Qxe4 44. Qxf7 Qe3+ 45. Qf2 Qxg5+ 46. Kh2 Qe5+ 47. Qg3 Qb2+ 48. Rf2 Qd4 49. Qf3 Qe5+ 50. Kh1 Qe1+ 51. Rf1 Qe5 52. Qf5 Qe8 53. Rg1 Qc6+ 54. Qd5 1-0

[Event "WYCC 2018 O18"]
[Site "Halkidiki"]
[Date "2018.10.24"]
[Round "6"]
[White "Burovic, Rijad"]
[Black "Rengifo Blancas, Renzo Jhonathan"]
[Result "0-1"]
[ECO "C45"]
[WhiteElo "2380"]
[BlackElo "2123"]
[Annotator "NA"]
[PlyCount "98"]
[EventDate "2018.10.20"]
[EventType "swiss"]
[EventCountry "GRE"]
[SourceTitle "playchess.com"]
[Source "ChessBase"]
[SourceQuality "1"]
[TimeControl "40/5400+30:1800+30"]

1. e4 e5 2. Nf3 Nc6 3. d4 exd4 4. Nxd4 Nf6 5. Nxc6 bxc6 6. e5 Qe7 7. Qe2 Nd5 8. c4 Nb6 9. Nc3 Qe6 10. Qe4 d5 {[%emt 0:37:55] C45: Scotch Game} (10... g6 11. Bd2 Ba6 12. c5 Nc4 13. Bg5 Bxc5 14. O-O-O O-O 15. Qf4 d5 16. exd6 Bxd6 17. Rxd6 cxd6 18. Bf6 d5 19. b3 Rab8 20. Be2 c5 21. Rd1 Rfe8 22. Nxd5 {1-0 (22) Van Foreest,J (2629)-Tari,A (2599) Wijk aan Zee 2018}) 11. exd6 $1 {[%emt 0:02:01] LiveBook: 56 Games} cxd6 12. Be3 Qxe4 13. Nxe4 d5 14. cxd5 Nxd5 15. Bc5 Bf5 16. Bxf8 Kxf8 17. Nd6 Bg6 $146 ({Predecessor:} 17... Be6 18. O-O-O {½-½ (40) Kumar,G (2231)-Khusenkhojaev,M (2451) Bhopal 2017}) 18. O-O-O Ke7 19. Nb7 Rab8 20. Na5 Rhc8 21. Bc4 Rb5 22. Nb3 Rb4 23. Rhe1+ Kd6 24. Rd4 Ra4 25. a3 Rb8 26. Nd2 Kc5 27. Rh4 a5 28. b3 Rxa3 29. Kb2 Ra4 30. Ne4+ Bxe4 31. Rexe4 Rab4 32. Ka3 f5 33. Re1 a4 34. Rc1 Kd6 35. Rh3 axb3 36. Rxb3 Rxb3+ 37. Bxb3 Re8 38. Ba4 $17 Rc8 39. Rb1 Ra8 40. Rb3 Kc5 41. Rf3 Nb6 42. Rxf5+ Kd4 43. Rf7 Kc3 44. Rf3+ Kd2 45. Rf7 Rxa4+ 46. Kb3 Rg4 47. g3 c5 48. Rb7 Rb4+ 49. Ka2 Kc2 0-1

[Event "WYCC 2018 O18"]
[Site "Halkidiki"]
[Date "2018.10.24"]
[Round "6"]
[White "Muha, Miljenko"]
[Black "Giesinger, Elias"]
[Result "1/2-1/2"]
[ECO "E10"]
[WhiteElo "2365"]
[BlackElo "2131"]
[Annotator "NA"]
[PlyCount "62"]
[EventDate "2018.10.20"]
[EventType "swiss"]
[EventCountry "GRE"]
[SourceTitle "playchess.com"]
[Source "ChessBase"]
[SourceQuality "1"]
[TimeControl "40/5400+30:1800+30"]

1. d4 Nf6 2. c4 e6 3. Nf3 d5 4. e3 Be7 5. b3 O-O 6. Bb2 b6 7. Bd3 {[%emt 0:01:37] LiveBook: 59 Games} Bb7 8. O-O Nbd7 9. Nbd2 Ne4 {[%emt 0:05:44] D05: Colle System with ...e6} 10. cxd5 (10. Qc2 f5 11. Ne5 Nxe5 12. dxe5 Nxd2 13. Qxd2 dxc4 14. bxc4 Be4 15. Rfd1 Bxd3 16. Qc3 Qe8 17. Rxd3 {1-0 (95) Nakamura,H (2777)-Hou,Y (2658) chess.com INT 2018}) 10... exd5 11. Ne5 Bd6 12. f4 Qe7 13. Ndf3 $146 ({Predecessor:} 13. Nxe4 dxe4 14. Be2 Nf6 15. Nc4 Rfd8 16. Nxd6 Qxd6 17. a4 a5 {0-1 (51) Rashkovsky,N (2530)-Gurevich,M (2625) Moscow 1992}) 13... f6 14. Nxd7 Qxd7 15. Qe1 a5 16. a4 Ba6 17. Bxa6 Rxa6 18. Qh4 ({White should try} 18. Ba3 $15) 18... c5 19. dxc5 bxc5 20. Rfd1 Qe6 21. Qh5 Rb6 22. Qxd5 Qxd5 23. Rxd5 Rxb3 24. Bc1 Rfb8 25. Nd2 Nxd2 26. Bxd2 Rb1+ $11 27. Rxb1 Rxb1+ 28. Kf2 Bf8 29. Bxa5 Ra1 30. Bb6 Rxa4 31. Kf3 Ra6 1/2-1/2

[Event "WYCC 2018 O18"]
[Site "Halkidiki"]
[Date "2018.10.24"]
[Round "6"]
[White "Roshka, Yevgeniy"]
[Black "Bratkovic, Jakob"]
[Result "1-0"]
[ECO "A05"]
[WhiteElo "2328"]
[BlackElo "2242"]
[Annotator "NA"]
[PlyCount "71"]
[EventDate "2018.10.20"]
[EventType "swiss"]
[EventCountry "GRE"]
[SourceTitle "playchess.com"]
[Source "ChessBase"]
[SourceQuality "1"]
[TimeControl "40/5400+30:1800+30"]

1. Nf3 Nf6 2. g3 e6 3. Bg2 c5 4. O-O Nc6 5. d4 d5 6. c4 dxc4 7. Qa4 Bd7 {[%emt 0:02:27] LiveBook: 588 Games} 8. Qxc4 b5 9. Qd3 c4 10. Qd1 Rc8 11. e4 {[%emt 0:03:47] E04: Open Catalan: 5 Nf3} (11. b3 Na5 12. Ne5 cxb3 13. axb3 Rxc1 14. Qxc1 Nxb3 15. Qb2 Nxa1 16. Qxa1 Bd6 17. Qxa7 O-O 18. Nxd7 Nxd7 {½-½ (77) Yu,Y (2751)-Harikrishna,P (2744) Huaian 2017}) 11... Nxe4 12. Re1 Nf6 13. d5 Nb4 14. Ng5 $146 ({Predecessor:} 14. Ne5 Nbxd5 15. Nc3 Nxc3 16. bxc3 Be7 17. Qd4 Qb6 18. Qh4 Rc7 {0-1 (46) Weinberger,T-Horowitz,I New York,NY 1968}) 14... Bc5 15. dxe6 Bxe6 16. Nxe6 Qxd1 17. Nxg7+ Kf8 18. Rxd1 Kxg7 19. Nc3 Nd3 20. Nxb5 Nxf2 21. Rf1 N6g4 22. Bd5 Bb6 23. Kg2 Nf6 24. Bf3 Nd3 25. Bd2 Rc5 26. a4 Nd5 $2 (26... a6 $1 $14) 27. Nd6 c3 28. bxc3 Nxc3 29. Ra3 Rd8 30. Bxc3+ Rxc3 31. Nf5+ $18 Kf6 32. Rxc3 Ba5 33. Rc6+ Kxf5 34. Be2+ Ke4 35. Bxd3+ Rxd3 36. Rxf7 1-0

[Event "WYCC 2018 O18"]
[Site "Halkidiki"]
[Date "2018.10.24"]
[Round "6"]
[White "Szustakowski, Antoni"]
[Black "Asllani, Muhamet"]
[Result "1-0"]
[ECO "A52"]
[WhiteElo "2319"]
[BlackElo "2148"]
[Annotator "NA"]
[PlyCount "57"]
[EventDate "2018.10.20"]
[EventType "swiss"]
[EventCountry "GRE"]
[SourceTitle "playchess.com"]
[Source "ChessBase"]
[SourceQuality "1"]
[TimeControl "40/5400+30:1800+30"]

1. d4 Nf6 2. c4 e5 3. dxe5 Ng4 4. Bf4 Nc6 5. Nf3 Bb4+ 6. Nc3 Qe7 7. Qd5 d6 8. exd6 cxd6 9. a3 Be6 10. Qd2 Bc5 11. e3 a5 12. Nd5 Qd8 13. Qc3 f6 14. Nd4 $18 Bf7 15. Be2 Nge5 16. O-O O-O 17. b4 axb4 18. axb4 Rxa1 19. Rxa1 Bxd5 20. bxc5 dxc5 21. cxd5 cxd4 22. exd4 Ng6 23. dxc6 Nxf4 24. Bc4+ Kh8 25. cxb7 Qb6 26. Qb3 Qc7 27. Ra8 Rb8 28. Rxb8+ Qxb8 29. Qa3 1-0

[Event "WYCC 2018 O18"]
[Site "Halkidiki"]
[Date "2018.10.24"]
[Round "6"]
[White "Szabo, Marton Mihaly"]
[Black "Veleshnja, Zino"]
[Result "1/2-1/2"]
[ECO "B51"]
[WhiteElo "2307"]
[BlackElo "2155"]
[Annotator "NA"]
[PlyCount "88"]
[EventDate "2018.10.20"]
[EventType "swiss"]
[EventCountry "GRE"]
[SourceTitle "playchess.com"]
[Source "ChessBase"]
[SourceQuality "1"]
[TimeControl "40/5400+30:1800+30"]

1. e4 c5 2. Nf3 d6 3. Bb5+ Nd7 4. O-O a6 5. Bd3 {[%emt 0:00:29] B51: Sicilian: Moscow Variation (3 Bb5+) without 3...Bd7} Ngf6 6. Re1 e6 7. c3 b5 8. Bc2 c4 9. a4 Bb7 10. d4 Be7 $146 ({Predecessor:} 10... cxd3 11. Qxd3 Nc5 12. Qe2 bxa4 {1-0 (25) Vachier Lagrave,M (2796)-Giri,A (2771) Stavanger 2017}) 11. axb5 axb5 12. Rxa8 Qxa8 13. Na3 Bxe4 14. Bxe4 Nxe4 15. Nxb5 Qb7 16. Na3 d5 17. Nb1 O-O 18. Nbd2 Nef6 19. Qe2 Nb6 20. Ne5 Na4 21. Ndf3 Nd7 22. Nxd7 Qxd7 23. Ne5 Qb7 24. h3 Bd6 25. Ng4 ({Besser ist} 25. f4 $15) 25... Rb8 $17 26. Qf3 Qe7 27. Re2 f5 28. Ne3 Qg5 29. g3 Rf8 30. h4 Qg6 31. Nxd5 f4 32. Bxf4 Qf5 33. Ne3 Qb1+ 34. Kg2 Bxf4 35. gxf4 Nxb2 36. f5 Nd3 37. Kh2 Qb3 38. Qe4 exf5 39. Nxf5 Qb8+ 40. Kg1 Qb1+ 41. Kh2 Qb8+ 42. Kg1 Qb1+ 43. Kh2 Qb8+ 44. Kg1 Qb1+ 1/2-1/2

[Event "WYCC 2018 O18"]
[Site "Halkidiki"]
[Date "2018.10.24"]
[Round "6"]
[White "Kouskoutis, Georgios-Alexandros"]
[Black "Brewer, Callum D"]
[Result "1-0"]
[ECO "A14"]
[WhiteElo "2296"]
[BlackElo "2056"]
[Annotator "NA"]
[PlyCount "77"]
[EventDate "2018.10.20"]
[EventType "swiss"]
[EventCountry "GRE"]
[SourceTitle "playchess.com"]
[Source "ChessBase"]
[SourceQuality "1"]
[TimeControl "40/5400+30:1800+30"]

1. c4 e6 2. g3 Nf6 3. Bg2 d5 4. Nf3 Be7 5. O-O O-O 6. b3 c5 7. cxd5 Nxd5 8. Bb2 Nc6 9. Nc3 Bf6 10. Qc1 {[%emt 0:10:57] LiveBook: 74 Games} Nxc3 11. Bxc3 Nd4 {[%emt 0:00:12] A14: English Opening: 1...e6 with b3 by White} 12. Re1 Qb6 (12... Rb8 13. Nxd4 Bxd4 14. Qa3 a6 15. Bxd4 cxd4 16. Rac1 b6 17. Rc6 Bb7 18. Rd6 Qe7 19. Qb4 Bxg2 20. Kxg2 e5 21. Rc1 a5 22. Qa3 Rbc8 23. Rc4 b5 24. Rxc8 Rxc8 25. Rc6 Qb7 {0-1 (25) Skembris,S (2393)-Mastrovasilis,A (2497) Rio Achaea 2018}) 13. e3 Nxf3+ 14. Bxf3 Bxc3 15. Qxc3 Bd7 16. Red1 $146 ({Predecessor:} 16. Rac1 Rac8 {½-½ (16) Sajtar,J-Kozma,J Podebrady 1956}) 16... Rfc8 17. d4 cxd4 18. Qxd4 Qxd4 19. Rxd4 $11 Bc6 20. Bxc6 Rxc6 21. Rad1 Kf8 22. Rh4 Rac8 23. Rxh7 R8c7 24. Rd8+ Ke7 25. Rg8 Rc2 26. Rgxg7 Kf8 27. a4 Rb2 28. Rg4 Rxb3 29. Rh8+ Ke7 30. Rf4 Rd7 31. h4 b5 32. axb5 Rxb5 33. h5 a5 34. Kg2 Rdd5 35. g4 Rg5 36. Kh3 Rb1 37. Rh7 Rh1+ 38. Kg2 Rh4 39. Kg3 1-0

[Event "WYCC 2018 O18"]
[Site "Halkidiki"]
[Date "2018.10.24"]
[Round "6"]
[White "Lazov, Toni"]
[Black "Ayats Llobera, Gerard"]
[Result "1-0"]
[ECO "B42"]
[WhiteElo "2292"]
[BlackElo "2399"]
[Annotator "NA"]
[PlyCount "85"]
[EventDate "2018.10.20"]
[EventType "swiss"]
[EventCountry "GRE"]
[SourceTitle "playchess.com"]
[Source "ChessBase"]
[SourceQuality "1"]
[TimeControl "40/5400+30:1800+30"]

1. e4 c5 2. Nf3 e6 3. d4 cxd4 4. Nxd4 a6 5. Bd3 Nf6 6. O-O e5 7. Nb3 {[%emt 0:06:36] LiveBook: 52 Games B42: Sicilian: Kan Variation: 5 Bd3} Nc6 8. f4 (8. c4 d6 9. Nc3 Be7 10. Be3 Ng4 11. Bd2 O-O 12. Be2 Nf6 13. Be3 a5 14. Nd2 Nd7 {½-½ (58) Zhigalko,S (2620)-Fedorov,A (2572) Minsk 2018}) 8... b5 $146 ({Predecessor:} 8... d6 9. Nc3 Be7 10. Nd5 Nxd5 11. exd5 Nb4 12. Be4 f5 13. fxe5 fxe4 14. a3 Nxc2 15. Qxc2 dxe5 16. Qxe4 {0-1 (74) Ibrahimova,S (2184)-Pavlov,S (2452) Nakhchivan 2016}) 9. Nc3 d6 10. a4 bxa4 11. Rxa4 Be7 12. Nd5 exf4 13. Bxf4 O-O 14. Nxe7+ Qxe7 15. Nd4 Qa7 16. c3 Ne5 17. Kh1 Nfd7 18. Bc2 Nc5 19. Ra2 Qb7 20. Nf5 Be6 21. Nxd6 Qc6 22. Bxe5 Bxa2 23. Nf5 Rfe8 24. Bxg7 Nxe4 25. Bd4 Bd5 26. Qh5 f6 27. Nh6+ Kf8 28. Bxe4 Rxe4 29. Bxf6 Qe6 30. Bh4+ Kg7 31. Qg5+ Qg6 32. Qxd5 Rae8 33. Nf5+ Kh8 34. Bg3 R4e6 35. Nd6 R8e7 36. Qd4+ Kg8 37. Nf5 Re8 38. Nh4 Qc2 39. Qg4+ Kh8 40. Qd4+ Kg8 41. Qg4+ Kh8 42. Nf5 Rg6 43. Qd4+ 1-0

[Event "WYCC 2018 O18"]
[Site "Halkidiki"]
[Date "2018.10.24"]
[Round "6"]
[White "Le, Minh Hoang"]
[Black "Miciano, John Marvin"]
[Result "1/2-1/2"]
[ECO "A42"]
[WhiteElo "2271"]
[BlackElo "2361"]
[Annotator "NA"]
[PlyCount "117"]
[EventDate "2018.10.20"]
[EventType "swiss"]
[EventCountry "GRE"]
[SourceTitle "playchess.com"]
[Source "ChessBase"]
[SourceQuality "1"]
[TimeControl "40/5400+30:1800+30"]

1. d4 g6 2. c4 Bg7 3. Nc3 d6 4. e4 Nc6 5. Be3 Nf6 6. Be2 O-O 7. d5 Nb8 {[%emt 0:02:06] LiveBook: 3 Games E73: King's Indian: Averbakh Variation without 6...c5} (7... Ne5 8. f4 Neg4 9. Bd2 Nh6 10. Nf3 c6 11. O-O cxd5 12. cxd5 b5 13. Bd3 b4 14. Na4 Bd7 15. Kh1 {1-0 (62) Sokolov,I (2623)-Van Foreest,J (2615) Hoogeveen 2016}) 8. Nf3 Ng4 9. Bd4 e5 $146 ({Predecessor:} 9... f6 10. h3 Ne5 11. b4 Nbd7 12. O-O Nxf3+ 13. Bxf3 c5 14. dxc6 bxc6 15. Be3 Ne5 {1-0 (30) Garcia Palomeras,M (1834)-Cecilia Aguado,F (1962) Llinars del Valles 2014}) 10. dxe6 $1 fxe6 11. Bxg7 Kxg7 12. h3 Ne5 13. Nxe5 dxe5 14. Qxd8 Rxd8 15. Rd1 Rxd1+ 16. Bxd1 a5 17. Ba4 Na6 18. Ke2 Kf7 19. Rd1 Ke7 20. Ke3 c6 21. f4 exf4+ 22. Kxf4 Bd7 23. e5 Rf8+ 24. Ke3 Rf5 25. g4 Rxe5+ 26. Kd4 Rg5 27. Ne4 c5+ 28. Ke3 $1 Bxa4 29. b3 Re5 $1 30. bxa4 Nb4 31. Rb1 b6 32. Kf3 g5 33. a3 Nc2 34. Rxb6 Nxa3 35. Rb7+ Kd8 36. Nd6 Re1 37. Rxh7 Nc2 38. Nf7+ Ke7 39. Nxg5+ Kf6 40. h4 Nd4+ 41. Kf2 Re2+ 42. Kg3 Rc2 43. Kf4 Rf2+ 44. Ke3 Re2+ 45. Kd3 Rg2 46. Ne4+ Ke5 47. Rh5+ Kf4 48. Rxc5 Nb3 $11 49. Rc6 Nc1+ 50. Kd4 Ne2+ 51. Kc5 Kxe4 52. Rxe6+ Kd3 53. Rg6 Nc3 54. h5 Nxa4+ 55. Kb5 Nc3+ 56. Kxa5 Kxc4 57. h6 Rh2 58. Rc6+ Kd5 59. Rxc3 1/2-1/2

[Event "WYCC 2018 O18"]
[Site "Halkidiki"]
[Date "2018.10.24"]
[Round "6"]
[White "Beukema, Jasper"]
[Black "Haug, Johannes"]
[Result "0-1"]
[ECO "A03"]
[WhiteElo "2256"]
[BlackElo "2391"]
[Annotator "NA"]
[PlyCount "52"]
[EventDate "2018.10.20"]
[EventType "swiss"]
[EventCountry "GRE"]
[SourceTitle "playchess.com"]
[Source "ChessBase"]
[SourceQuality "1"]
[TimeControl "40/5400+30:1800+30"]

1. f4 d5 2. Nf3 c5 3. d3 Nf6 4. e3 Nc6 5. Be2 Qc7 6. O-O $11 e6 7. c4 d4 8. e4 e5 9. Nxe5 Nxe5 10. fxe5 Nd7 11. Qa4 Qxe5 12. Bf4 Qf6 13. Na3 Bd6 14. e5 Bxe5 15. Bxe5 Qxe5 16. Bg4 Qc7 17. Nb5 Qb6 18. Rae1+ Kf8 19. Re6 Qd8 20. Nd6 Nf6 21. Re8+ Nxe8 22. Nxf7 Qe7 23. Nxh8+ Nf6 24. Bxc8 Rxc8 25. Qd1 Kg8 26. Re1 Qd7 0-1

[Event "WYCC 2018 O18"]
[Site "Halkidiki"]
[Date "2018.10.24"]
[Round "6"]
[White "Liska, Jiri"]
[Black "Stijve, Theo"]
[Result "1/2-1/2"]
[ECO "A04"]
[WhiteElo "2245"]
[BlackElo "2345"]
[Annotator "NA"]
[PlyCount "88"]
[EventDate "2018.10.20"]
[EventType "swiss"]
[EventCountry "GRE"]
[SourceTitle "playchess.com"]
[Source "ChessBase"]
[SourceQuality "1"]
[TimeControl "40/5400+30:1800+30"]

1. Nf3 c5 2. c4 Nc6 3. Nc3 e5 4. g3 g6 5. Bg2 Bg7 6. O-O Nge7 7. Rb1 d6 8. a3 a5 {[%emt 0:05:42] A37: Symmetrical English vs ...g6: 4 Bg2 Bg7 5 Nf3} 9. Ne1 (9. d3 Rb8 10. Bd2 O-O 11. Qa4 Bd7 12. Rfc1 Na7 13. Qc2 b5 14. b4 cxb4 15. axb4 bxc4 16. bxa5 Rxb1 17. Rxb1 Qxa5 18. dxc4 Nac8 19. Qb3 {½-½ (74) Banusz,T (2621)-Bartel,M (2653) Katowice 2016}) 9... Be6 10. Nd5 O-O {[%emt 0:04:19] LiveBook: 17 Games} 11. b3 f5 $146 ({Predecessor:} 11... Rb8 12. d3 b6 13. Nc2 Qd7 14. e4 Nd4 15. Nxd4 cxd4 16. Bd2 f5 {1-0 (36) Csaba,A (2230)-Molnar,L (2260) Hungary 1995}) 12. d3 Bxd5 13. cxd5 Nd4 14. a4 f4 15. g4 Qe8 16. e3 f3 17. Nxf3 Nxf3+ 18. Bxf3 Qf7 19. Bg2 $11 Nxd5 20. Qc2 Rab8 21. Bd2 b6 22. Qc4 Nc7 23. Qxf7+ Rxf7 24. f4 Rbf8 25. h4 Re7 26. Rbe1 d5 27. Kh2 Bh6 28. Kg3 Rfe8 29. h5 exf4+ 30. exf4 Re2 31. Rxe2 Rxe2 32. Rf2 Rxf2 33. Kxf2 Kf7 34. Kg3 Ke7 35. Bc3 Ke6 36. g5 Bf8 37. Bh3+ Kf7 38. f5 d4 39. Bd2 Nd5 40. Bg2 Bd6+ 41. Kf2 Ne3 42. fxg6+ hxg6 43. hxg6+ Kxg6 44. Bxe3 dxe3+ 1/2-1/2

[Event "WYCC 2018 O18"]
[Site "Halkidiki"]
[Date "2018.10.24"]
[Round "6"]
[White "Alexakis, Dimitris"]
[Black "Ranaldi, Lucas"]
[Result "1-0"]
[ECO "C11"]
[WhiteElo "2186"]
[BlackElo "2335"]
[Annotator "ChessBase"]
[PlyCount "125"]
[EventDate "2018.10.20"]
[EventType "swiss"]
[EventCountry "GRE"]
[SourceTitle "playchess.com"]
[Source "ChessBase"]
[SourceQuality "1"]
[TimeControl "40/5400+30:1800+30"]

1. e4 e6 2. d4 d5 3. Nc3 Nf6 4. e5 Nfd7 5. f4 c5 6. Nf3 Nc6 7. Be3 h6 8. Qd2 g5 9. dxc5 gxf4 10. Bxf4 Nxc5 11. a3 a6 12. Bd3 Bd7 13. O-O b5 14. b4 Nxd3 15. Qxd3 Rc8 16. Ne2 Ne7 17. Nfd4 Ng6 18. Bg3 Qg5 19. Rae1 Bg7 20. Nf3 Qg4 21. h3 Qc4 22. Qxc4 Rxc4 23. Ned4 Rc3 24. Nb3 Ke7 25. h4 h5 26. Bf2 Rhc8 27. Bc5+ Ke8 28. Ng5 Nh8 29. Rf2 Rc7 30. Bd6 Rxc2 31. Bxc7 Rxc7 32. Nc5 Bc8 33. Nh7 Ng6 34. Nf6+ Kd8 35. g3 Ke7 36. Ng8+ Kf8 37. Nf6 Ke7 38. Kg2 Nxe5 39. Nxh5 Bh8 40. Nf4 Bb7 41. Rfe2 Kd6 42. Nfd3 f6 43. Nf4 Bc8 44. h5 Re7 45. h6 Rh7 46. Rh1 f5 47. Rh3 Bf6 48. Rh5 a5 49. Re1 a4 50. Re2 Bh8 51. Nh3 Nf7 52. Ng5 Nxg5 53. Rxg5 Rxh6 54. Rg8 Bd7 55. Rd8 Rh7 56. Nxd7 Rxd7 57. Rxh8 Re7 58. Rb8 d4 59. Rd8+ Rd7 60. Rxd7+ Kxd7 61. Re5 Kd6 62. Rxb5 e5 63. Kf3 {[%emt 0:00:04] Kd5 Ke4+} 1-0